 Dungeon Crawl Stone Soup version 0.26.0-8-g74fc34ddfb (webtiles) character file.

Game seed: 695442032273078618

3327 trckry the Grappler (level 9, -1/64 HPs)
             Began as a Black Draconian Transmuter on Jan 12, 2021.
             Slain by an unseen horror (9 damage)
             ... on level 8 of the Dungeon on Jan 13, 2021.
             The game lasted 00:28:06 (13023 turns).

trckry the Grappler (Black Draconian Transmuter)   Turns: 13023, Time: 00:28:07

Health: -1/64      AC:  8    Str: 13    XL:     9   Next: 71%
Magic:  10/14      EV: 12    Int: 17    God:
Gold:   547        SH:  0    Dex: 11    Spells: 4/15 levels left

rFire    . . .     SeeInvis .     - Unarmed
rCold    . . .     Faith    .   (shield currently unavailable)
rNeg     . . .     Spirit   .   (armour unavailable)
rPois    .         Reflect  .   (helmet restricted)
rElec    +         Harm     .   (no cloak)
rCorr    .         Rampage  .   (gloves currently unavailable)
Will     .....                  E - +0 pair of boots
Stlth    +.........             (no amulet)
HPRegen  0.20/turn              (no ring)
MPRegen  0.14/turn              (no ring)

@: blade hands (expiring)
A: breathe lightning, unfitting armour, electricity resistance, cold-blooded, AC
+7
a: Breathe Lightning, End Transformation


You were on level 8 of the Dungeon.
You had blades for hands.
You visited 2 branches of the dungeon, and saw 10 of its levels.

You collected 679 gold pieces.
You spent 132 gold pieces at shops.

Inventory:

Hand Weapons
 a - a +0 dagger of venom
Missiles
 h - a curare-tipped dart (quivered)
Armour
 B - the +2 kite shield of Burimp Dycu {-Tele Harm MP+9 Str+5, unknown}
   (You found it on level 7 of the Dungeon)

   It affects your strength (+5).
   It affects your magic capacity (+9).
   It prevents most forms of teleportation.
   It increases damage dealt and taken.
 E - a +0 pair of boots (worn)
Jewellery
 t - an uncursed amulet of reflection {unknown}
 w - an uncursed ring of protection from cold {unknown}
 C - an uncursed ring of magical power {unknown}
 D - an uncursed amulet of guardian spirit {unknown}
Wands
 b - a wand of disintegration (9)
 x - a wand of paralysis (3)
Scrolls
 c - 9 scrolls of remove curse {unknown}
 d - 3 scrolls of enchant weapon {unknown}
 e - 6 scrolls of teleportation {unknown}
 j - 2 scrolls of magic mapping {unknown}
 k - 4 scrolls of immolation {unknown}
 m - 2 scrolls of fear {unknown}
 n - 10 scrolls of identify {unknown}
 o - a scroll of amnesia {unknown}
 u - a scroll of noise {unknown}
 y - a scroll of torment {unknown}
 F - a scroll of acquirement {unknown}
Potions
 f - a potion of lignification {unknown}
 g - 2 potions of brilliance {unknown}
 i - a potion of berserk rage {unknown}
 l - 5 potions of might {unknown}
 p - 2 potions of ambrosia {unknown}
 q - 5 potions of curing
 r - 5 potions of attraction {unknown}
 s - 4 potions of haste {unknown}
 v - a potion of heal wounds
 z - a potion of magic {unknown}
 A - a potion of flight {unknown}
 G - a potion of cancellation {unknown}


   Skills:
 - Level 1.1 Fighting
 - Level 1.7 Dodging
 + Level 3.0 Shields
 * Level 8.2 Unarmed Combat
 + Level 3.5 Spellcasting
 * Level 4.1 Hexes
 * Level 7.9 Transmutations
 * Level 4.5 Air Magic
 + Level 3.2 Evocations


You had 4 spell levels left.
You knew the following spells:

 Your Spells              Type           Power        Failure   Level
a - Beastly Appendage     Tmut           60%          13%         1
b - Confusing Touch       Hex            17%          43%         3
c - Swiftness             Air            18%          28%         2
d - Blade Hands           Tmut           15%          58%         5

Your spell library contained the following spells:

 Spells                   Type           Power        Failure   Level
 Wereblood                Tmut           30%          14%         2
 Passwall                 Tmut/Erth      13%          32%         2
 Shock                    Conj/Air       40%          36%         1
 Spider Form              Tmut/Pois      8%           45%         3
 Sandblast                Erth           6%           58%         1
 Summon Small Mammal      Summ           12%          58%         1
 Static Discharge         Conj/Air       10%          61%         3
 Summon Guardian Golem    Hex/Summ       10%          65%         3
 Call Imp                 Summ           3%           69%         2
 Airstrike                Air            9%           69%         4
 Ice Form                 Ice/Tmut       16%          75%         4
 Petrify                  Tmut/Erth      16%          75%         4
 Call Canine Familiar     Summ           3%           85%         3
 Gell's Gravitas          Tloc           1%           85%         3
 Stone Arrow              Conj/Erth      6%           85%         3
 Summon Lightning Spire   Summ/Air       10%          89%         4
 Summon Ice Beast         Ice/Summ       3%           99%         4
 Yara's Violent Unravell  Hex/Tmut       11%          78%         5
 Lightning Bolt           Conj/Air       5%           99%         5
 Metabolic Englaciation   Hex/Ice        5%           99%         5
 Lee's Rapid Deconstruct  Erth           1%           100%        5


Dungeon Overview and Level Annotations

Branches:
Dungeon (9/15)             Temple (1/1) D:6
   Lair: D:8-11         Orc: D:9-12

Altars:
Ashenzari
Cheibriados
Dithmenos
Elyvilon
Fedhas
Gozag
Hepliaklqana
Kikubaaqudgha
Makhleb
Nemelex Xobeh
Okawaru
Qazlal
Ru
Sif Muna
Trog
Uskayaw
Vehumet
Wu Jian
Xom
Yredelemnul
Zin
The Shining One

Shops:
D:4 (   D:7 !

Annotations:
D:8 exclusion: oklob plant


Innate Abilities, Weirdness & Mutations

You can breathe wild blasts of lightning.
Your glossy black scales are hard. (AC +7)
You cannot fit into any form of body armour.
You are resistant to electric shocks. (rElec)
You are cold-blooded and may be slowed by cold attacks.


Message History

Deactivating autopickup; reactivate with Ctrl-A.
You barely miss something. You tail-slap something. Something hits you!
Casting: Beastly Appendage (safe; 1% risk of failure)
Confirm with . or Enter, or press ? or * to list all spells.
The spell is quite dangerous to cast (17% risk of failure)!
Continue anyway?
Your hands turn into razor-sharp scythe blades.
Something hits you. Something hits you but does no damage.
Something hits you but does no damage. Something hits you.
* * * LOW HITPOINT WARNING * * *
Something barely misses you. Something hits you but does no damage.
You hit something but do no damage. Something hits you but does no damage.
You swing at nothing.
Something completely misses you. Something hits you!
* * * LOW HITPOINT WARNING * * *
You barely miss something.
Your transformation is almost over.
Something barely misses you. Something hits you but does no damage.
You swing at nothing.
Something hits you!
You die...

#...#ยง#.(.....##
##.
###..........##
###..
##........##
##.... #.>.....##
##..... ##.....##
##...... #...###
##....... #.###
##........ ##.#
#......... ##@##
##......... #..#
#.........#
#####.##
##........##
#....##
#........##
###..#
##.......## ##.##
##.......## #
#..# #......###
## ##.# #.....##
#. #.## #...###
##.


There were no monsters in sight!

Vanquished Creatures
  A centaur warrior (D:8)
  A slime creature (D:9)
  3 yaks
  A steam dragon (D:8)
  An orc warrior (D:9)
  A sky beast (D:8)
  An ogre (D:9)
  2 centaurs
  Blork the orc (D:5)
  3 bullfrogs
  A wyvern zombie (D:7)
  3 scorpions
  3 killer bees (D:9)
  A howler monkey (D:5)
  2 orc priests
  4 hounds
  A jelly (D:9)
  A centaur skeleton (D:4)
  3 orc wizards
  6 iguanas
  3 worker ants
  A hound zombie (D:5)
  Robin (D:4)
  8 adders
  4 gnolls
  4 shadow imps
  A white imp (D:7)
  An ufetubus (D:8)
  2 adder skeletons
  5 worms
  A dart slug (D:1)
  5 leopard geckos
  25 orcs
  4 bats
  2 giant cockroaches
  16 goblins
  9 hobgoblins
  15 jackals
  10 kobolds
  3 quokkas
  2 ball pythons (D:1)
  4 frilled lizards
  A leopard gecko skeleton (D:5)
  2 quokka skeletons
  14 rats
183 creatures vanquished.

Vanquished Creatures (others)
  30 plants (D:9)
30 creatures vanquished.

Grand Total: 213 creatures vanquished

Notes
Turn   | Place    | Note
-------+----------+-------------------------------------------
     0 | D:1      | trckry the Draconian Transmuter began the quest for the
                  | Orb.
     0 | D:1      | Reached XP level 1. HP: 16/16 MP: 3/3
   435 | D:1      | Reached XP level 2. HP: 22/23 MP: 3/5
  1185 | D:2      | Reached XP level 3. HP: 27/28 MP: 4/6
  1970 | D:2      | Reached skill level 4 in Unarmed Combat
  2126 | D:2      | Reached XP level 4. HP: 26/35 MP: 5/7
  2273 | D:1      | HP: 3/35 [poisoned by a scorpion]
  2281 | D:1      | HP: 2/35 [poisoned by a scorpion]
  2677 | D:3      | Found a glowing golden altar of the Shining One.
  2853 | D:3      | Reached XP level 5. HP: 33/40 MP: 6/8
  2980 | D:3      | Found a snail-covered altar of Cheibriados.
  3371 | D:4      | Reached skill level 5 in Unarmed Combat
  3846 | D:4      | Noticed Robin
  3852 | D:4      | Killed Robin
  4060 | D:4      | Found Gattob's Antique Weapon Shop.
  4087 | D:4      | Found a broken altar of Ashenzari.
  4233 | D:4      | Reached XP level 6. HP: 29/47 MP: 7/9
  4400 | D:5      | Entered Level 5 of the Dungeon
  4467 | D:5      | Found a hide-covered altar of Uskayaw.
  4508 | D:5      | Found a shimmering blue altar of Sif Muna.
  4715 | D:5      | Reached skill level 5 in Transmutations
  5027 | D:5      | Noticed Blork the orc
  5527 | D:5      | Reached skill level 6 in Unarmed Combat
  5527 | D:5      | Your scales start taking on a glossy black colour.
  5527 | D:5      | Reached XP level 7. HP: 52/52 MP: 8/10
  5527 | D:5      | Gained mutation: You are resistant to electric shocks.
                  | (rElec) [Black Draconian growth]
  5609 | D:5      | Killed Blork the orc
  5843 | D:5      | Found a burning altar of Makhleb.
  6071 | D:6      | Found a staircase to the Ecumenical Temple.
  6083 | Temple   | Entered the Ecumenical Temple
  6954 | D:7      | Got a slimy kite shield
  7019 | D:7      | Learned a level 3 spell: Confusing Touch
  7030 | D:7      | Reached skill level 1 in Evocations
  7371 | D:7      | Reached skill level 1 in Hexes
  7536 | D:7      | Reached XP level 8. HP: 41/59 MP: 11/11
  7927 | D:7      | Found Lourutwu's Distillery.
  7976 | D:7      | Bought a potion of degeneration for 11 gold pieces
  7976 | D:7      | Bought 2 potions of curing for 66 gold pieces
  7976 | D:7      | Bought a potion of heal wounds for 55 gold pieces
  8061 | D:7      | Reached skill level 7 in Unarmed Combat
  8193 | D:7      | Found a broken altar of Ashenzari.
  8304 | D:7      | Found a radiant altar of Vehumet.
  8492 | D:8      | Found a sacrificial altar of Ru.
  8513 | D:8      | Noticed a moth of wrath
  8516 | D:8      | Found a bloodstained altar of Trog.
  8715 | D:8      | Reached skill level 1 in Shields
  8939 | D:8      | Learned a level 2 spell: Swiftness
  9195 | D:8      | Found a blossoming altar of Fedhas.
  9209 | D:8      | Noticed an oklob plant
  9373 | D:8      | Found a shimmering altar of Xom.
  9382 | D:8      | Found a shadowy altar of Dithmenos.
  9440 | D:8      | Reached skill level 1 in Air Magic
 10019 | D:9      | Noticed a two-headed ogre
 10035 | D:9      | HP: 5/59 [poisoned by a killer bee]
 10040 | D:9      | HP: 3/59 [poisoned by a killer bee]
 10045 | D:9      | HP: 2/59 [poisoned by a killer bee]
 10051 | D:8      | HP: 1/59 [poisoned by a killer bee]
 10059 | D:8      | HP: 1/59 [poisoned by a killer bee]
 10551 | D:8      | HP: 5/59 [poisoned by a killer bee]
 10901 | D:9      | Noticed a centaur warrior
 11133 | D:8      | Learned a level 5 spell: Blade Hands
 11152 | D:9      | Noticed a slime creature
 11166 | D:9      | Killed a slime creature
 11167 | D:9      | Reached XP level 9. HP: 46/64 MP: 9/13
 11657 | D:8      | Killed a centaur warrior
 11945 | D:8      | Reached skill level 8 in Unarmed Combat
 12152 | D:9      | HP: 3/64 [yak (15)]
 12752 | D:9      | Noticed a komodo dragon
 12991 | D:9      | HP: 3/64 [shot self (9)]
 13009 | D:9      | HP: 2/64 [something (5)]
 13023 | D:8      | Slain by an unseen horror

Illustrated notes

Levels and vault maps discovered:
D:1:      dpeg_arrival_orchard, layout_loops_corners,
          hangedman_abyss_or_decor_stabs
D:2:      layout_rooms
D:3:      layout_basic, lemuel_doored_altar, lemuel_crystal_altar
D:4:      layout_cave_pods, kennysheep_mini, serial_shops, shop, uniq_robin
D:5:      layout_cave_pools, led_sif_pool, marbit_many_paths, basic_altar,
          uniq_blork_the_orc
D:6:      layout_gridville, minmay_temple_entry_drinking_statues
D:7:      statuecave_lemuel, layout_basic, kennysheep_little_box, serial_shops,
          shop, minmay_misc_feat_encased, evilmike_ruin_ashenzari
D:8:      layout_cave_pods, grunt_dithmenos_smoke_and_mirrors, tgw_trog,
          kennysheep_mini_moat, xom_teletrap_fun, tgw_fedhas, minmay_bent
D:9:      layout_basic, david_lair_shrubbed, david_orc_5, kb_rosetta
Temple:   minmay_freezing_vapour_temple

Skill      XL: |  1  2  3  4  5  6  7  8  9 |
---------------+----------------------------+-----
Transmutations | 3 4 5 6 7 |  7.9
Unarmed Combat | 4 5 6 7 8 |  8.2
Evocations     | 1 2 3 |  3.2
Hexes          | 1 3 4 |  4.1
Shields        | 2 3 |  3.0
Air Magic      | 2 4 |  4.5
Spellcasting   | 3 |  3.5
Fighting       | |  1.1
Dodging        | |  1.7

Action                   |  1- 3 |  4- 6 |  7- 9 || total
-------------------------+-------+-------+-------++-------
Melee: Unarmed           |   116 |   191 |   325 ||   632
       Kick              |    21 |    29 |    79 ||   129
       Headbutt          |    10 |    17 |    43 ||    70
       Tailslap          |     8 |    16 |    34 ||    58
       Punch             |     1 |     3 |     6 ||    10
       Dagger            |       |     6 |       ||     6
Throw: Dart              |       |     2 |     7 ||     9
 Cast: Beastly Appendage |    24 |    31 |    48 ||   103
       Confusing Touch   |       |       |     5 ||     5
       Blade Hands       |       |       |     1 ||     1
 Abil: Breathe Lightning |       |       |     7 ||     7
Evoke: Wand              |       |       |     4 ||     4
  Use: Potion            |       |       |     3 ||     3
 Stab: Paralysed         |       |       |     8 ||     8
       Confused          |       |       |     1 ||     1
Armor: Skin              |    34 |    47 |    89 ||   170
Dodge: Dodged            |    54 |   116 |   166 ||   336
